Map: 필러스 오브 골드 - 래더

Players

cure

  • Race: Terran Terran
  • Spawn Location: 1:00

Reynor - Winner!

  • Race: Zerg Zerg
  • Spawn Location: 7:00

Event: StayAtHome Story Cup #3

VOD

Have the link to the VOD?

Description

Time

  • Played on: March 12, 2021, 9:40 a.m.
  • Length: 16:50

All games in this series

Show
View Real Time Build Order
Export as new Build Order

cure Terran 

Build Orders: Reaper Expand 

Get SALT Encoding   

  12  0:00  SCV  
  13  0:12  SCV  
  14  0:17  Supply Depot  
  14  0:24  SCV  
  15  0:39  SCV  
  15  0:41  Barracks  
  16  0:44  Refinery  
  16  0:51  SCV  
  17  1:03  SCV  
  18  1:15  SCV  
  19  1:28  Orbital Command, Reaper  
  20  1:42  Command Center  
  20  1:52  Supply Depot  
  20  1:53  SCV  
  21  2:00  Marine  
  22  2:05  SCV  
  23  2:16  Factory  
  23  2:18  SCV  
  23  2:22  Barracks Reactor  
  24  2:30  SCV  
  25  2:42  SCV  
  26  2:46  Command Center  
  26  2:55  Orbital Command, SCV  
  27  3:02  Starport  
  27  3:07  SCV  
  27  3:10  Marine  
  29  3:17  Hellion x2  
  33  3:21  SCV x2  
  33  3:26  Refinery  
  35  3:33  SCV x2, Barracks Tech Lab  
  37  3:38  Viking  
  39  3:45  SCV x2  
  39  3:47  Hellion  
  39  3:48  Hellion  
  45  3:53  Marine  
  46  3:57  SCV x2  
  46  3:59  Orbital Command  
  50  4:10  SCV x2  
  50  4:11  Liberator  
  50  4:12  Hellion  
  50  4:15  Hellion  
  57  4:22  SCV x2  
  59  4:24  Supply Depot  
  59  4:25  Supply Depot  
  59  4:28  SCV  
  60  4:32  Marine  
  61  4:46  SCV x3, Hellion x2  
  61  4:49  Stimpack  
  61  4:50  Marine  
  61  4:51  Supply Depot  
  61  4:52  Supply Depot  
  69  4:58  SCV x2, Orbital Command  
  71  5:02  Starport Reactor  
  69  5:07  Marine  
  69  5:10  SCV x2, Barracks  
  69  5:12  Barracks  
  69  5:13  Refinery  
  69  5:14  Refinery  
  72  5:15  Supply Depot  
  72  5:17  Factory Reactor  
  72  5:22  SCV x2  
  72  5:24  SCV  
  72  5:25  Marine  
  72  5:27  Engineering Bay x2  
  76  5:34  SCV x2  
  78  5:36  SCV  
  79  5:43  Barracks x2  
  79  5:46  SCV x2, Marine  
  82  5:52  SCV  
  82  5:55  Terran Infantry Armor Level 1, Terran Infantry Weapons Level 1  
  83  5:58  SCV x2  
  83  6:08  SCV  
  83  6:09  Marine  
  83  6:10  SCV x2  
  87  6:12  Medivac x2  
  87  6:17  Marine x2, Factory Reactor  
  87  6:18  Marine  
  94  6:19  Marine  
  94  6:22  SCV  
  94  6:23  SCV x2  
  98  6:32  Barracks Reactor x2  
  98  6:33  Supply Depot x2  
  98  6:34  Combat Shield  
  98  6:39  Factory  
  98  6:41  SCV x2  
  98  6:43  Armory  
  98  6:44  SCV  
  101  6:54  Marine x5  
  101  6:55  Refinery  
  101  6:56  Refinery, Supply Depot  
  101  7:00  SCV x3  
  109  7:04  Supply Depot  
  109  7:11  Marine x4  
  109  7:12  Marine  
  109  7:13  Widow Mine  
  116  7:17  Medivac x2  
  116  7:18  Widow Mine  
  116  7:21  SCV x3, Supply Depot  
  125  7:22  Sensor Tower  
  125  7:23  Factory Tech Lab, Supply Depot  
  125  7:28  Marine x2  
  125  7:29  Marine x2  
  129  7:41  Widow Mine x2  
  133  7:46  Marine x8  
  133  7:47  Drilling Claws  
  133  7:48  Widow Mine  
  143  7:52  Terran Infantry Armor Level 2, Terran Infantry Weapons Level 2  
  143  7:54  Terran Vehicle And Ship Armor Level 1  
  143  7:57  Marine  
  144  8:02  Widow Mine x2, Supply Depot  
  144  8:04  Marine, Supply Depot  
  149  8:17  Supply Depot x2  
  149  8:19  Supply Depot  
  149  8:23  Marine x6, Medivac  
  149  8:26  Widow Mine  
  158  8:32  Marine x3  
  135  8:40  Widow Mine x2  
  135  8:41  Marine  
  131  8:43  Medivac  
  131  8:47  Widow Mine, Marine x4  
  139  8:49  Command Center  
  139  8:53  Medivac  
  141  9:01  Marine x4  
  142  9:03  Widow Mine x2  
  142  9:09  Widow Mine  
  146  9:13  Medivac  
  146  9:15  Barracks  
  146  9:16  Barracks  
  148  9:18  Barracks  
  148  9:23  Medivac  
  150  9:24  Widow Mine  
  150  9:28  Widow Mine  
  150  9:30  Widow Mine, Marine x2  
  150  9:31  Marine x4  
  160  9:38  Marine x3  
  160  9:46  Widow Mine  
  160  9:48  Marine x2  
  160  9:49  Marine x4  
  162  9:55  Widow Mine x2, Marine x2  
  162  9:56  Marine  
  169  10:06  Marine x6  
  165  10:07  Widow Mine  
  165  10:10  SCV x2  
  165  10:11  Terran Infantry Weapons Level 3, SCV, Terran Infantry Armor Level 3  
  165  10:13  Marine x2  
  171  10:21  Barracks Tech Lab x2, Marauder  
  173  10:22  Barracks Tech Lab  
  173  10:24  Marine x4  
  173  10:28  Terran Vehicle And Ship Armor Level 2  
  177  10:33  SCV x3  
  174  10:38  Marine x2, Sensor Tower  
  174  10:39  Marine x2  
  174  10:42  Marauder  
  178  10:44  Siege Tank  
  178  10:48  Factory Tech Lab  
  181  10:56  Marauder x2, Marine x2  
  181  11:03  Planetary Fortress  
  181  11:08  Ghost Academy, Command Center, Siege Tank  
  184  11:12  Marauder x2, Marine  
  184  11:16  Siege Tank  
  184  11:18  Marauder  
  186  11:28  Refinery, Marine x2  
  186  11:29  Refinery, Marauder, Marine x2  
  186  11:31  Concussive Shells  
  190  11:33  Marauder  
  190  11:36  Marauder, Marine x4  
  197  11:40  Siege Tank  
  170  11:55  Marine x6  
  170  11:56  Marauder x3  
  170  11:58  Marauder, Medivac, Siege Tank  
  183  12:08  Personal Cloaking  
  183  12:10  SCV  
  183  12:12  Siege Tank  
  172  12:16  SCV x3  
  172  12:21  Medivac  
  173  12:26  Ghost x3  
  173  12:28  Medivac  
  181  12:31  Siege Tank  
  181  12:34  Ghost  
  185  12:44  Terran Vehicle Weapons Level 1, Siege Tank  
  188  12:56  Missile Turret  
  188  12:57  Missile Turret  
  188  13:03  Siege Tank  
  191  13:12  Ghost x4  
  193  13:16  Marine  
  192  13:28  Command Center  
  192  13:29  Planetary Fortress  
  192  13:35  Siege Tank  
  192  13:40  Marine x2, Ghost x2  
  196  13:41  Marauder  
  196  13:43  Marauder, Marine x5  
  181  13:50  Marine  
  171  14:03  Marauder  
  171  14:04  Ghost  
  171  14:07  Marine x3  
  171  14:09  Ghost x2  
  176  14:15  Siege Tank  
  178  14:19  Marine x2  
  180  14:24  Marauder  
  182  14:33  Marauder  
  186  14:38  Marauder  
  186  14:41  Ghost  
  186  14:42  Marine x4  
  186  14:45  Ghost  
  192  14:54  Ghost  
  178  15:00  Marauder, Marine x4  
  159  15:10  Ghost  
  157  15:14  Marauder, Marine x2  
  157  15:15  Marine x2  
  157  15:18  Siege Tank  
  157  15:21  Marauder, Marine x2  
  166  15:23  Marauder  
  166  15:26  Marine  
  161  15:32  Marine x3  
  162  15:35  Marauder  
  162  15:39  Marauder  
  162  15:41  Marine x2  
  162  15:42  Marauder, Marine x2  
  133  15:50  Marauder, Marine x2  
  137  16:09  SCV x4  
  137  16:11  Siege Tank x2  
  147  16:18  Ghost  
Show
View Real Time Build Order
Export as new Build Order

Reynor Zerg - Winner!

Build Orders: Hatch First, Lurkers 

Get SALT Encoding   

  12  0:01  Drone  
  13  0:12  Overlord  
  13  0:18  Drone  
  14  0:31  Drone x2  
  16  0:51  Hatchery  
  16  0:53  Drone  
  16  0:57  Drone  
  17  1:00  Drone  
  18  1:11  Extractor  
  18  1:17  Spawning Pool  
  16  1:19  Drone  
  16  1:22  Drone  
  18  1:28  Drone  
  19  1:39  Drone  
  20  1:49  Overlord  
  20  2:04  Queen x2  
  20  2:05  Zergling x4  
  26  2:13  Drone x2  
  28  2:22  Drone  
  29  2:24  Drone  
  29  2:27  Spore Crawler  
  29  2:34  Hatchery  
  29  2:40  Drone x2  
  31  2:46  Queen  
  33  2:51  Overlord  
  33  2:55  Metabolic Boost  
  33  2:59  Drone  
  33  3:01  Drone  
  33  3:03  Drone  
  36  3:12  Drone x4  
  40  3:21  Queen  
  40  3:23  Overlord  
  40  3:26  Drone x2  
  44  3:36  Overlord  
  44  3:42  Zergling x4  
  44  3:45  Drone x2  
  44  3:46  Drone x2  
  44  3:47  Queen  
  52  3:49  Drone  
  52  3:51  Drone  
  54  3:55  Queen  
  54  3:57  Drone  
  54  4:00  Overlord  
  57  4:04  Drone x2  
  57  4:06  Drone  
  59  4:12  Queen  
  59  4:14  Overlord  
  61  4:19  Drone  
  61  4:23  Drone x4  
  66  4:26  Overlord  
  66  4:34  Overlord  
  66  4:36  Queen  
  66  4:38  Drone  
  69  4:40  Drone x3  
  69  4:43  Overlord  
  71  4:45  Queen  
  73  4:54  Evolution Chamber  
  73  4:55  Evolution Chamber  
  73  4:56  Zergling x6  
  73  4:57  Drone x3  
  73  4:59  Overlord  
  77  5:00  Drone  
  77  5:05  Drone x2  
  80  5:09  Drone x4  
  80  5:13  Extractor, Zergling x4  
  85  5:15  Overlord  
  85  5:17  Drone x2  
  87  5:23  Spore Crawler  
  87  5:24  Zerg Ground Armor Level 1, Zerg Melee Weapons Level 1  
  87  5:26  Spore Crawler  
  85  5:31  Overlord  
  85  5:32  Drone x3  
  86  5:37  Drone x2  
  86  5:40  Hatchery  
  86  5:45  Overlord  
  86  5:46  Drone x2  
  86  5:48  Drone  
  86  5:49  Drone  
  89  6:00  Drone x3  
  89  6:01  Drone x4  
  92  6:04  Lair  
  92  6:06  Baneling Nest  
  91  6:12  Drone x5  
  91  6:17  Extractor  
  91  6:18  Extractor  
  94  6:21  Extractor  
  94  6:22  Overlord  
  94  6:23  Drone x2  
  94  6:24  Drone  
  96  6:28  Zergling x2  
  96  6:29  Zergling x4  
  96  6:32  Zergling x2  
  100  6:35  Zergling x6  
  100  6:36  Zergling x2  
  100  6:37  Zergling x2  
  100  6:39  Hatchery  
  104  6:40  Zergling x4  
  104  6:41  Zergling x2  
  104  6:44  Overlord  
  107  6:47  Zergling x4  
  107  6:52  Zergling x2  
  110  6:57  Queen, Zergling x10  
  110  7:00  Zergling x2  
  118  7:02  Centrifical Hooks  
  118  7:05  Zergling x8  
  118  7:08  Zergling x2  
  123  7:09  Drone x3  
  123  7:10  Drone  
  123  7:11  Drone  
  128  7:18  Zergling x2  
  128  7:20  Drone  
  128  7:21  Drone x2  
  128  7:22  Spore Crawler  
  131  7:25  Drone  
  131  7:27  Zerg Ground Armor Level 2  
  131  7:28  Zerg Melee Weapons Level 2  
  131  7:31  Drone x2  
  131  7:32  Drone x2  
  131  7:34  Overlord  
  135  7:40  Zergling x2  
  135  7:43  Overlord  
  136  7:44  Overlord  
  136  7:46  Overlord  
  136  7:55  Baneling x13  
  136  7:56  Zergling x22  
  136  7:58  Overlord  
  147  7:59  Zergling x2  
  147  8:03  Drone  
  147  8:04  Spore Crawler x2  
  147  8:06  Spore Crawler  
  147  8:07  Drone  
  147  8:08  Overseer, Spore Crawler  
  147  8:09  Baneling  
  147  8:10  Baneling x12  
  147  8:11  Drone x3  
  147  8:12  Drone  
  150  8:14  Zergling x6  
  150  8:16  Overlord  
  150  8:19  Extractor  
  152  8:21  Infestation Pit  
  152  8:22  Zergling x2  
  152  8:23  Zergling x8  
  152  8:26  Baneling x7  
  156  8:29  Overlord  
  156  8:31  Drone x4  
  156  8:32  Zergling x2  
  156  8:33  Zergling x4  
  148  8:36  Zergling x2  
  148  8:37  Zergling x2  
  148  8:38  Drone x2  
  148  8:39  Drone x3  
  148  8:40  Drone x2  
  148  8:41  Drone  
  144  8:42  Overseer  
  144  8:46  Drone  
  145  8:48  Overseer  
  145  8:51  Zergling x6  
  145  8:52  Zergling x2  
  147  8:58  Zergling x6  
  147  9:02  Drone  
  147  9:04  Pneumatized Carapace  
  147  9:05  Hydralisk Den, Hive  
  147  9:07  Zergling x8  
  150  9:12  Extractor x2  
  150  9:13  Drone  
  150  9:14  Drone x4  
  150  9:15  Drone x3  
  157  9:17  Zergling x2  
  157  9:18  Drone x2  
  157  9:21  Zergling x4  
  157  9:22  Zergling x6  
  157  9:23  Zergling x4  
  166  9:25  Drone  
  166  9:30  Overseer  
  167  9:32  Overlord  
  167  9:33  Zergling x4  
  167  9:34  Drone  
  167  9:37  Drone  
  171  9:39  Baneling x4, Lurker Den  
  171  9:42  Zergling x2  
  171  9:44  Zergling x10  
  164  9:48  Drone x5  
  164  9:49  Extractor  
  164  9:51  Extractor, Overlord  
  166  9:53  Zerg Missile Weapons Level 1  
  166  10:03  Hydralisk x10  
  178  10:07  Hatchery, Hydralisk  
  178  10:08  Zergling x4  
  178  10:13  Drone x3  
  183  10:15  Zergling x6  
  183  10:16  Spore Crawler  
  183  10:20  Zergling x8  
  185  10:27  Overlord  
  185  10:28  Zergling x4, Spore Crawler  
  184  10:29  Zergling x2  
  183  10:35  Spore Crawler  
  183  10:37  Zergling x8  
  183  10:40  Seismic Spines  
  184  10:45  Zerg Ground Armor Level 3  
  184  10:52  Hatchery  
  175  10:58  Zergling x34  
  192  11:07  Evolution Chamber  
  192  11:08  Spore Crawler x2  
  192  11:09  Adrenal Glands  
  192  11:10  Lurker x3  
  192  11:11  Lurker x4  
  192  11:12  Zergling x12  
  192  11:13  Zergling x2  
  192  11:14  Zergling x10  
  192  11:16  Zergling x2  
  192  11:17  Zergling x2  
  192  11:19  Zergling x4  
  192  11:20  Zergling x2  
  192  11:22  Hydralisk, Zergling x2  
  192  11:23  Zergling x8  
  199  11:30  Zergling x2  
  199  11:31  Zergling x2  
  198  11:37  Adaptive Talons, Baneling x5  
  198  11:38  Baneling x3, Zergling x6  
  193  11:42  Baneling  
  193  11:43  Baneling x7  
  190  11:52  Zergling x28  
  180  11:57  Baneling x6  
  180  11:58  Baneling x7  
  180  12:00  Lurker x5  
  179  12:01  Zergling x6  
  179  12:05  Zergling x8  
  186  12:15  Hydralisk, Zergling x14  
  183  12:20  Zergling x4  
  183  12:21  Zergling x6  
  191  12:27  Nydus Network x2  
  189  12:34  Drone  
  189  12:38  Hydralisk  
  189  12:39  Zergling x20  
  200  12:45  Zerg Melee Weapons Level 3  
  200  12:46  Hatchery, Zerg Missile Weapons Level 2  
  200  12:49  Hatchery  
  197  13:00  Zergling x6  
  185  13:13  Zergling x14  
  185  13:14  Zergling x16  
  189  13:22  Hydralisk  
  189  13:23  Zergling x18  
  192  13:27  Lurker x2  
  192  13:39  Zergling x16  
  191  13:45  Hydralisk, Zergling x6  
  191  13:46  Nydus Canal x2  
  191  13:47  Hydralisk, Zergling x2  
  178  13:51  Hydralisk, Zergling x2  
  159  13:57  Viper x2  
  159  13:58  Hydralisk  
  159  13:59  Zergling x4  
  159  14:01  Baneling x9, Hydralisk  
  159  14:02  Zergling x4  
  172  14:03  Zergling x2  
  172  14:06  Hydralisk, Zergling x4  
  177  14:10  Hydralisk  
  177  14:11  Zergling x6  
  177  14:12  Hydralisk  
  177  14:13  Zergling x6  
  177  14:15  Zergling x2  
  184  14:18  Baneling x7  
  184  14:19  Baneling x4, Hydralisk  
  184  14:20  Zergling x6  
  184  14:22  Lurker x3  
  184  14:24  Hydralisk, Zergling x6  
  190  14:25  Zergling x2  
  190  14:26  Nydus Canal  
  190  14:28  Zergling x2  
  197  14:40  Zergling x8  
  197  14:46  Zergling x12  
  197  14:48  Hatchery, Zergling x2  
  197  14:49  Zergling x8  
  188  14:57  Hydralisk  
  188  14:58  Zergling x18  
  170  15:01  Hydralisk  
  170  15:02  Zergling x12  
  170  15:04  Hydralisk  
  170  15:05  Nydus Canal  
  165  15:09  Hatchery  
  165  15:11  Zergling x2  
  165  15:12  Zergling x10  
  165  15:13  Lurker  
  165  15:14  Hydralisk, Lurker x5  
  173  15:15  Zergling x8  
  173  15:20  Hydralisk, Zergling x2  
  178  15:25  Hydralisk  
  178  15:26  Zergling x4  
  178  15:27  Viper  
  179  15:29  Lurker x3  
  179  15:32  Zergling x2  
  173  15:36  Hydralisk  
  173  15:37  Zergling x4  
  173  15:39  Zergling x14  
  173  15:40  Zergling x6  
  173  15:41  Hydralisk  
  174  15:45  Nydus Canal  
  174  15:47  Lurker x2  
  175  15:51  Drone x7  
  175  15:56  Lurker  
  183  15:57  Zergling x2  
  183  16:01  Zergling x10  
  189  16:09  Hydralisk  
  189  16:10  Zergling x8  
  195  16:12  Lurker x2  
  195  16:13  Baneling x11  
  195  16:17  Drone x2  
  199  16:32  Nydus Canal x2  
Tags
 
Add a new tag
Caveats
  • Supply blocks, unpowered buildings, or Contaminate may cause inaccurate times.
  • Supply counts are checked every 10 seconds.